 Dungeon Crawl Stone Soup version 0.28-a0-265-g048bc9fd10 (webtiles) character file.

Game seed: 4027484930611873288

105 Shayle the Ducker (level 5, 0/40 HPs)
             Began as a Djinni Warper on Aug 28, 2021.
             Slain by a gnoll (1 damage)
             ... on level 3 of the Dungeon.
             The game lasted 00:06:24 (2950 turns).

Shayle the Ducker (Djinni Warper)                   Turns: 2950, Time: 00:06:25

Health: 0/40       AC:  3    Str: 10    XL:     5   Next: 8%
Gold:   34         EV: 12    Int: 15    God:
                   SH:  0    Dex: 13

rFire   + + +      SeeInvis .     - Unarmed
rCold   . . .      Faith    .   (no shield)
rNeg    . . .      Spirit   .   a - +0 leather armour
rPois   ∞          Reflect  .   (no helmet)
rElec   +          Harm     .   (no cloak)
rCorr   +          Rampage  .   (no gloves)
Will    .....                   (boots unavailable)
Stlth   +.........              (no amulet)
HPRegen 0.13/turn               g - ring of protection from fire
MPRegen 0.00/turn               (no ring)

@: resistant, flying
A: sickness immunity, fire resistance 2, cold vulnerability 1, float, innate
caster, hp casting, extra vitality 1
a: no special abilities


You were on level 3 of the Dungeon.
You visited 1 branch of the dungeon, and saw 3 of its levels.

You collected 34 gold pieces.

Inventory:

Missiles
 c - a boomerang of dispersal (quivered)
Armour
 a - a +0 leather armour (worn)
Jewellery
 g - a ring of protection from fire (left hand)
Scrolls
 b - a scroll of blinking
 d - 2 scrolls of identify {unknown}
 f - a scroll of enchant armour {unknown}
 i - a scroll of immolation {unknown}
Potions
 e - a potion of curing {unknown}


   Skills:
 + Level 2.9 Fighting
 - Level 0.7 Throwing
 - Level 1.0 Armour
 + Level 3.2 Dodging
 + Level 3.0 Unarmed Combat
 + Level 2.9 Spellcasting


You couldn't memorise any spells.
You knew the following spells:

 Your Spells              Type           Power      Damage    Failure   Level
a - Blink                 Tloc           N/A        N/A       12%         2
b - Lesser Beckoning      Tloc           5%         N/A       24%         3
c - Gell's Gravitas       Tloc           5%         N/A       24%         3
d - Teleport Other        Tloc           11%        N/A       24%         3
e - Manifold Assault      Tloc           11%        N/A       92%         5
f - Animate Skeleton      Necr           22%        N/A       9%          1
g - Ensorcelled Hibernat  Hex/Ice        22%        N/A       12%         2
Your spell library was empty.

Dungeon Overview and Level Annotations

Branches:
Dungeon (3/15)

Altars:


Innate Abilities, Weirdness & Mutations

You are immune to sickness and miasma.
You are immune to poison.
Your flesh is very heat resistant. (rF++)
You are vulnerable to cold. (rC-)
You float through the air rather than walking.
You learn spells naturally, not from books.
Your magical power is your life essence.
You have superior vitality. (+4 HP)


Message History

The gnoll hits you with a +0 short sword!
There is a stone staircase leading down here.
You hit the gnoll but do no damage. The adder bites you but does no damage.
The gnoll closely misses you. The adder barely misses you.
You barely miss the gnoll.
The gnoll hits you with a +0 short sword.
You hit the gnoll but do no damage. Your punch misses the gnoll.
The gnoll closely misses you.
There is an open door here.
There is an open door here.
There is a stone staircase leading down here.
The gnoll hits you with a +0 short sword.
You fly downwards.
There is a stone staircase leading up here.
You hit the gnoll but do no damage. The gnoll closely misses you.
You closely miss the gnoll.
The gnoll hits you with a +0 short sword.
You hit the gnoll but do no damage. The gnoll closely misses you.
You barely miss the gnoll. The gnoll barely misses you.
You barely miss the gnoll. The gnoll closely misses you.
You closely miss the gnoll. You hit the gnoll but do no damage.
The gnoll hits you with a +0 short sword.
You barely miss the gnoll.
The gnoll hits you with a +0 short sword!
* * * LOW HITPOINT WARNING * * *
You hit the gnoll but do no damage. The gnoll misses you.
You hit the gnoll.
The gnoll is lightly wounded.
The gnoll hits you with a +0 short sword!
* * * LOW HITPOINT WARNING * * *
You barely miss the gnoll.
The gnoll is lightly wounded.
The gnoll hits you with a +0 short sword.
* * * LOW HITPOINT WARNING * * *
It was a potion of resistance.
You feel protected.
The gnoll hits you with a +0 short sword.
You die...

####
#..
#.#
#@#
#g#
#.#
.#.
# #


You could see a gnoll.

Vanquished Creatures
  Jessica (D:2)
  A gnoll (D:2)
  3 adders (D:2)
  A worm (D:2)
  2 dart slugs
  2 ball pythons (D:1)
  6 bats (D:1)
  4 endoplasms
  2 giant cockroaches (D:1)
  2 goblins (D:1)
  3 hobgoblins
  4 quokkas
  2 kobolds (D:1)
  2 rats
35 creatures vanquished.

Notes
Turn   | Place    | Note
-------+----------+-------------------------------------------
     0 | D:1      | Shayle the Djinni Warper began the quest for the Orb.
     0 | D:1      | Reached XP level 1. HP: 18/18 MP: 0/0
    75 | D:1      | Reached XP level 2. HP: 17/23 MP: 0/0
   772 | D:1      | Reached XP level 3. HP: 21/29 MP: 0/0
   772 | D:1      | Learned a level 1 spell: Animate Skeleton
  1834 | D:2      | Noticed Jessica
  1872 | D:2      | Reached XP level 4. HP: 11/34 MP: 0/0
  1876 | D:2      | Killed Jessica
  2791 | D:2      | Reached XP level 5. HP: 35/40 MP: 0/0
  2791 | D:2      | Learned a level 2 spell: Ensorcelled Hibernation
  2949 | D:3      | HP: 1/40 [gnoll (2)]
  2950 | D:3      | Slain by a gnoll

Illustrated notes

Levels and vault maps discovered:
D:1:      erik_arrival_blinker_ship, layout_basic
D:2:      layout_basic, uniq_jessica
D:3:      cheibrodos_fertilizer, layout_loops_ring,
          hellmonk_ecumenical_altar_arch_garden, uniq_sigmund

Skill      XL: |  1  2  3  4  5 |
---------------+----------------+-----
Dodging        | 3 |  3.2
Unarmed Combat | 3 |  3.0
Fighting       | |  2.9
Throwing       | |  0.7
Armour         | |  1.0
Spellcasting   | |  2.9

Action                   |  1- 3 |  4- 6 || total
-------------------------+-------+-------++-------
Melee: Unarmed           |   128 |    66 ||   194
       Punch             |       |     1 ||     1
Throw: Boomerang         |       |     4 ||     4
 Cast: Gell's Gravitas   |     8 |       ||     8
       Animate Skeleton  |       |     1 ||     1
  Use: Potion            |       |     1 ||     1
Armor: Leather armour    |    58 |     6 ||    64
Dodge: Dodged            |   103 |    44 ||   147

Table legend: (Time is in decaauts)
 A = Elapsed time spent in this place.
 B = Non-inter-level travel time spent in this place.
 C = Inter-level travel time spent in this place.
 D = Time resting spent in this place.
 E = Time spent auto-exploring this place.
 F = Levels seen in this place.
 G = Mean time per level.
                   A        B        C        D        E       F      G
               +--------+--------+--------+--------+--------+-----+--------+
         Total |   2943 |   2862 |     81 |    938 |   1410 |   3 |  981.0 |
       Dungeon |   2943 |   2862 |     81 |    938 |   1410 |   3 |  981.0 |
               +--------+--------+--------+--------+--------+-----+--------+

Top non-repeatable levels by time:
     D:1: 1891 daAuts
     D:2: 1041 daAuts
     D:3: 11 daAuts
